 Dungeon Crawl Stone Soup version 0.26.0-45-g9c1d065592 (webtiles) character file.

Game seed: 12720185534538897426

14314 hawla the Destroyer (level 11, -9/84 HPs)
             Began as a Red Draconian Conjurer on Jan 31, 2021.
             Was a Priest of Ashenzari.
             Mangled by a boulder beetle (45 damage)
             ... on level 11 of the Dungeon.
             The game lasted 00:44:56 (17348 turns).

hawla the Destroyer (Red Draconian Conjurer)       Turns: 17348, Time: 00:44:57

Health: -9/84      AC: 12    Str: 13    XL:     11   Next: 87%
Magic:  29/33      EV: 13    Int: 22    God:    Ashenzari [***...]
Gold:   425        SH:  5    Dex: 11    Spells: 12/29 levels left

rFire    + . .     SeeInvis +   e - +7 broad axe "Vilaames" {vorpal, rN+ Dex+4} (curse)
rCold    . . .     Faith    .   j - +0 buckler (curse)
rNeg     + . .     Spirit   .   (armour unavailable)
rPois    +         Reflect  .   h - +2 hat {Will+} (curse)
rElec    .         Harm     .   d - scarf {repulsion} (curse)
rCorr    .         Rampage  .   i - +1 pair of gloves {Str+3}
Will     +....                  y - +0 pair of boots (curse)
Stlth    ++........             t - amulet of regeneration
HPRegen  0.00/turn              b - ring of magical power
MPRegen  0.23/turn              l - +4 ring of slaying

@: repel missiles
A: breathe fire, unfitting armour, blink, clumsy 1, fire resistance 1, poison
resistance, inhibited regeneration, cold-blooded, AC +7
a: Breathe Fire, Blink, Renounce Religion, Curse Item, Scrying


You were on level 11 of the Dungeon.
You worshipped Ashenzari.
Ashenzari was most pleased with you.
You visited 2 branches of the dungeon, and saw 12 of its levels.

You collected 997 gold pieces.
You spent 572 gold pieces at shops.

Inventory:

Hand Weapons
 e - the cursed +7 broad axe "Vilaames" (weapon) {vorpal, rN+ Dex+4}
   (You took it off a gnoll on level 3 of the Dungeon)

   It inflicts extra damage upon your enemies.
   It affects your dexterity (+4).
   It protects you from negative energy.
   It has a curse placed upon it.
Missiles
 f - 26 poisoned darts (quivered)
 w - 4 boomerangs
 G - 2 javelins
Armour
 d - a cursed scarf of repulsion (worn)
 h - a cursed +2 hat of willpower (worn)
 i - a +1 pair of gloves of strength (worn)
 j - a cursed +0 buckler (worn)
 p - a scarf of repulsion
 y - a cursed +0 pair of boots (worn)
Magical Staves
 z - an uncursed staff of poison
Jewellery
 b - a ring of magical power (left hand)
 l - a +4 ring of slaying (right hand)
 t - an amulet of regeneration (around neck)
 x - an uncursed ring of stealth
Wands
 c - a wand of paralysis (6)
 u - a wand of digging (6)
 A - a wand of flame (41)
Scrolls
 g - 2 scrolls of enchant weapon
 k - 8 scrolls of teleportation
 m - 2 scrolls of magic mapping
 r - 2 scrolls of amnesia
 v - a scroll of blinking
 C - 2 scrolls of identify
 E - 2 scrolls of remove curse
 F - a scroll of torment {unknown}
Potions
 a - a potion of lignification
 n - 2 potions of flight
 o - 2 potions of resistance
 q - a potion of haste
 s - 4 potions of might
 D - a potion of brilliance
Miscellaneous
 B - a lightning rod (4/4)


   Skills:
 - Level 4.0 Fighting
 - Level 7.6(10.5) Axes
 - Level 2.9 Staves
 + Level 1.0 Throwing
 - Level 1.7(3.1) Dodging
 - Level 1.7(3.1) Stealth
 - Level 4.0(5.7) Shields
 + Level 9.6 Spellcasting
 + Level 10.9 Conjurations
 - Level 2.0 Translocations
 + Level 8.8 Fire Magic
 - Level 2.0 Evocations


You had 12 spell levels left.
You knew the following spells:

 Your Spells              Type           Power        Failure   Level
a - Magic Dart            Conj           100%         1%          1
b - Searing Ray           Conj           100%         1%          2
c - Iskenderun's Mystic   Conj/Tloc      39%          4%          4
d - Blink                 Tloc           N/A          4%          2
e - Conjure Flame         Conj/Fire      53%          1%          3
f - Fireball              Conj/Fire      26%          3%          5

Your spell library contained the following spells:

 Spells                   Type           Power        Failure   Level
 Foxfire                  Conj/Fire      100%         1%          1
 Dazzling Flash           Conj/Hex       68%          1%          3
 Sticky Flame             Conj/Fire      53%          1%          4
 Inner Flame              Hex/Fire       30%          3%          3
 Mephitic Cloud           Conj/Pois/Air  26%          4%          3
 Animate Skeleton         Necr           20%          6%          1
 Pain                     Necr           40%          6%          1
 Fulminant Prism          Conj/Hex       17%          7%          4
 Call Imp                 Summ           10%          10%         2
 Poisonous Vapours        Pois/Air       20%          10%         2
 Slow                     Hex            10%          10%         2
 Vampiric Draining        Necr           5%           19%         3
 Animate Dead             Necr           5%           54%         4
 Agony                    Necr           10%          87%         5
 Freezing Cloud           Conj/Ice/Air   13%          91%         6
 Chain Lightning          Conj/Air       17%          100%        8
 Lehudib's Crystal Spear  Conj/Erth      17%          100%        8
 Absolute Zero            Ice            5%           100%        9
 Fire Storm               Conj/Fire      26%          100%        9


Dungeon Overview and Level Annotations

Branches:
Dungeon (11/15)            Temple (1/1) D:6            Lair (0/6) D:8
    Orc: D:9-12

Altars:
Ashenzari
Cheibriados
Dithmenos
Elyvilon
Fedhas
Gozag
Hepliaklqana
Kikubaaqudgha
Makhleb
Nemelex Xobeh
Okawaru
Qazlal
Ru
Sif Muna
Trog
Uskayaw
Vehumet
Wu Jian
Xom
Yredelemnul
Zin
The Shining One
Lugonu

Shops:
D:7 [*[:   D:8 (   D:10 (

Annotations:
D:4 1 runed translucent door
D:5 2 runed translucent doors
D:6 apportation ring
D:10 3 runed translucent doors, thiole's ghost, journeyman OpWz


Innate Abilities, Weirdness & Mutations

You can breathe blasts of fire.
Your fiery red scales are hard. (AC +7)
You cannot fit into any form of body armour.
Your flesh is heat resistant. (rF+)
You are cold-blooded and may be slowed by cold attacks.
You can translocate small distances at will.
You are clumsy. (Dex -2)
Your system is resistant to poisons. (rPois)
You do not regenerate when monsters are visible.


Message History

The poisoned dart hits the boulder beetle.
The boulder beetle looks as sick as possible!
The boulder beetle is lightly wounded.
The boulder beetle hits you!!!
Ouch! That really hurt!
The boulder beetle stops rolling and uncurls.
The boulder beetle curls into a ball and begins rolling!
Okay, then.
Blink to where?
Press: ? - help, Dir - move target, p - boulder beetle
As you read the scroll of blinking, it crumbles to dust.
A boulder beetle is nearby!
Casting: Magic Dart (safe; 1% risk of failure)
Confirm with . or Enter, or press ? or * to list all spells.
You erupt in a blast of force!
The mystic blast hits the boulder beetle.
The boulder beetle is heavily wounded.
The boulder beetle hits you!!!
Ouch! That really hurt!
You die...

#.# ##.# ########## #..#
#........# #.##
#........##*,, #.#
#.......... #.# #........#
#.# #........#
########.##########........#*
,
##..............@B°°°.†.....#
...######.##########........#
, #### #..# ####.##### #.##
#○°.# **+ #.# ###○# * #.# #°#
###'#### ###* * #○#* *
#....>.# #...((.°B...#
#......# #.#########.#*


You could see a boulder beetle (very poisoned).

Vanquished Creatures
  A centaur warrior (D:9)
  2 two-headed ogres
  3 death yaks
  A cyclops (D:9)
  An ugly thing (D:9)
  Maurice (D:9)
  A gargoyle (D:10)
  A centaur skeleton (D:10)
  A hornet (D:10)
  A slime creature (D:10)
  Sigmund (D:3)
  2 wyverns (D:10)
  11 yaks
  A basilisk (D:9)
  An acid dragon (D:10)
  Duvessa (D:7)
  A water moccasin (D:7)
  An eye of draining (D:5)
  7 orc warriors
  A sky beast (D:9)
  4 necrophages
  3 phantoms
  2 black bears
  5 ice beasts
  4 centaurs
  5 ogres
  A big kobold (D:7)
  A gnoll sergeant (D:8)
  A bullfrog (D:8)
  2 water moccasin zombies
  Dowan (D:7)
  18 killer bees
  2 scorpions
  A bullfrog zombie (D:6)
  2 quasits
  A centaur zombie (D:7)
  2 hounds
  An iron imp (D:7)
  5 bullfrog skeletons
  2 gnoll shamans
  6 orc priests
  3 jellies
  Jessica (D:3)
  3 iguanas
  7 worker ants
  5 orc wizards
  2 hell rats (D:8)
  A killer bee zombie (D:7)
  2 hound zombies
  A worker ant zombie (D:5)
  A hound skeleton (D:9)
  A howler monkey zombie (D:7)
  49 gnolls
  A howler monkey skeleton (D:5)
  5 adders
  4 white imps
  An ufetubus (D:7)
  3 oozes
  4 worms
  4 dart slugs
  8 leopard geckos
  43 orcs
  11 bats
  10 goblins
  11 hobgoblins
  26 jackals
  17 kobolds
  6 quokkas
  A ball python (D:6)
  12 frilled lizards
  6 giant cockroaches
  A quokka zombie (D:7)
  9 rats
368 creatures vanquished.

Vanquished Creatures (others)
  2 demonic plants (Temple)
  13 plants
15 creatures vanquished.

Grand Total: 383 creatures vanquished

Notes
Turn   | Place    | Note
-------+----------+-------------------------------------------
     0 | D:1      | hawla the Draconian Conjurer began the quest for the Orb.
     0 | D:1      | Reached XP level 1. HP: 14/14 MP: 3/3
   155 | D:1      | Reached XP level 2. HP: 20/20 MP: 1/5
   944 | D:1      | Reached XP level 3. HP: 26/26 MP: 0/7
  1147 | D:1      | Learned a level 2 spell: Searing Ray
  1326 | D:2      | Found a burning altar of Makhleb.
  1812 | D:2      | Found a bloodstained altar of Trog.
  2070 | D:2      | Found a basalt altar of Yredelemnul.
  2073 | D:2      | Found a blossoming altar of Fedhas.
  2449 | D:2      | Reached XP level 4. HP: 34/34 MP: 2/8
  2454 | D:2      | Learned a level 4 spell: Iskenderun's Mystic Blast
  2531 | D:2      | Found a hazy altar of Hepliaklqana.
  2638 | D:3      | Reached skill level 1 in Fighting
  2720 | D:3      | Reached skill level 1 in Staves
  2890 | D:3      | Noticed Jessica
  2893 | D:3      | Killed Jessica
  3115 | D:3      | Reached skill level 1 in Translocations
  3115 | D:3      | Reached XP level 5. HP: 15/40 MP: 1/9
  3539 | D:3      | Noticed Sigmund
  3976 | D:3      | Killed Sigmund
  3977 | D:3      | Reached skill level 5 in Conjurations
  3977 | D:3      | Reached XP level 6. HP: 37/48 MP: 3/11
  4426 | D:3      | Identified the +7 broad axe "Vilaames" {vorpal, rN+ Dex+4}
  5164 | D:4      | Found a broken altar of Ashenzari.
  5201 | D:4      | Gained mutation: Your tail ends in a poisonous barb.
                  | [potion of mutation]
  5201 | D:4      | Gained mutation: Your spells are a little easier to cast,
                  | but a little less powerful. [potion of mutation]
  5201 | D:4      | Gained mutation: You are clumsy. (Dex -2) [potion of
                  | mutation]
  5201 | D:4      | Gained mutation: You have a pair of small horns on your
                  | head. [potion of mutation]
  5222 | D:4      | Became a worshipper of Ashenzari the Shackled
  5401 | D:4      | Lost mutation: You have a pair of small horns on your head.
                  | [potion of mutation]
  5401 | D:4      | Lost mutation: Your tail ends in a poisonous barb. [potion
                  | of mutation]
  5401 | D:4      | Lost mutation: Your spells are a little easier to cast, but
                  | a little less powerful. [potion of mutation]
  5401 | D:4      | Gained mutation: You do not regenerate when monsters are
                  | visible. [potion of mutation]
  5401 | D:4      | Gained mutation: You can translocate small distances at
                  | will. [potion of mutation]
  5401 | D:4      | Gained mutation: Your system is resistant to poisons.
                  | (rPois) [potion of mutation]
  5724 | D:4      | Found a white marble altar of Elyvilon.
  5725 | D:4      | Found a runed translucent door.
  5725 | D:4      | Noticed an angel
  5771 | D:5      | Entered Level 5 of the Dungeon
  5783 | D:5      | Your scales start taking on a fiery red colour.
  5783 | D:5      | Reached XP level 7. HP: 55/55 MP: 6/13
  5783 | D:5      | Gained mutation: Your flesh is heat resistant. (rF+) [Red
                  | Draconian growth]
  5895 | D:5      | Reached skill level 1 in Axes
  6177 | D:5      | Found a large runed translucent door.
  6177 | D:5      | Found a large runed translucent door.
  6179 | D:5      | Found a large runed translucent door.
  6179 | D:5      | Found a large runed translucent door.
  6311 | D:5      | Reached skill level 6 in Conjurations
  6622 | D:5      | Noticed a yak
  7144 | D:5      | Reached * piety under Ashenzari
  7156 | D:5      | Reached skill level 5 in Spellcasting
  7156 | D:5      | Reached XP level 8. HP: 20/61 MP: 15/15
  7158 | D:5      | Reached skill level 1 in Evocations
  7167 | D:5      | Reached skill level 1 in Throwing
  7697 | D:5      | Found a shadowy altar of Dithmenos.
  7697 | D:5      | Found a shimmering altar of Xom.
  8018 | D:5      | Reached skill level 7 in Conjurations
  8968 | D:5      | Reached XP level 9. HP: 71/71 MP: 12/17
  9071 | D:6      | Found a staircase to the Ecumenical Temple.
  9087 | Temple   | Entered the Ecumenical Temple
  9670 | D:6      | Found a radiant altar of Vehumet.
  9736 | D:6      | Found an ornate altar of the Wu Jian Council.
  9972 | D:6      | Found a sacrificial altar of Ru.
 10160 | D:7      | Reached skill level 5 in Axes
 10317 | D:7      | Found Natoshom's Book Shoppe.
 10322 | D:7      | Found Hugunwoi's Antique Armour Shoppe.
 10324 | D:7      | Bought a book of Minor Magic for 260 gold pieces
 10328 | D:7      | Reached skill level 8 in Conjurations
 10408 | D:7      | Bought a buckler for 117 gold pieces
 10417 | D:7      | Found Ysarra's Assorted Antiques.
 10631 | D:7      | Learned a level 2 spell: Blink
 10635 | D:7      | Learned a level 3 spell: Conjure Flame
 10658 | D:7      | Reached skill level 1 in Shields
 10660 | D:7      | Reached skill level 1 in Fire Magic
 10933 | D:7      | Found a snail-covered altar of Cheibriados.
 11255 | D:7      | Noticed Duvessa
 11262 | D:7      | Noticed Dowan
 11303 | D:7      | Killed Dowan
 11307 | D:7      | Killed Duvessa
 11473 | D:7      | Found an opulent altar of Gozag.
 11522 | D:7      | Found Pimn's Antique Armour Emporium.
 11709 | D:8      | Noticed a death yak
 11711 | D:8      | Noticed a death yak
 11712 | D:8      | Noticed a death yak
 12208 | D:8      | Found a staircase to the Lair.
 12220 | D:8      | Found a white marble altar of Elyvilon.
 12449 | D:8      | Found Zalar's Antique Weapon Emporium.
 12474 | D:8      | Reached XP level 10. HP: 74/78 MP: 14/20
 12634 | D:8      | Killed a death yak
 12767 | D:8      | Found a glowing silver altar of Zin.
 12862 | D:8      | Reached skill level 9 in Conjurations
 13183 | D:7      | Bought a pair of runed gloves for 195 gold pieces
 13237 | D:7      | Killed a death yak
 13251 | D:7      | Killed a death yak
 13455 | D:9      | Noticed a two-headed ogre
 13465 | D:9      | Killed a two-headed ogre
 13466 | D:9      | Reached skill level 5 in Fire Magic
 13601 | D:9      | Noticed Maurice
 13731 | D:9      | Killed Maurice
 13806 | D:9      | Reached ** piety under Ashenzari
 14079 | D:9      | Reached XP level 11. HP: 84/84 MP: 22/23
 14156 | D:9      | Found a broken altar of Ashenzari.
 14250 | D:9      | Noticed a centaur warrior
 14346 | D:9      | Killed a centaur warrior
 14434 | D:9      | Noticed a purple ugly thing
 14440 | D:9      | Learned a level 5 spell: Fireball
 14451 | D:9      | Killed a purple ugly thing
 14813 | D:10     | Entered Level 10 of the Dungeon
 14827 | D:10     | Found Ewysch's Weapon Shoppe.
 14830 | D:10     | Reached skill level 10 in Conjurations
 15416 | D:10     | Noticed thiole's ghost (journeyman OpWz)
 15417 | D:10     | Found a runed translucent gate.
 15417 | D:10     | Found a runed translucent gate.
 15417 | D:10     | Found a runed translucent gate.
 15427 | D:10     | Noticed a two-headed ogre
 15448 | D:10     | Killed a two-headed ogre
 15847 | D:10     | Reached *** piety under Ashenzari
 17336 | D:11     | Noticed a boulder beetle
 17348 | D:11     | Mangled by a boulder beetle

Illustrated notes

Levels and vault maps discovered:
D:1:      heliophobic_arrival_henge, layout_loops_ring
D:2:      layout_loops_cross, nzn_hepliaklqana_mist_gate,
          lightli_temple_of_fire, bloody_makhleb, minitemple,
          serial_co_window_serial, co_window_paths_a, co_window_paths_b,
          co_window_corner_a, co_window_paths_b, co_window_of_opportunity_a,
          co_window_paths_b, co_window_paths_b, co_window_corner_a,
          co_window_paths_b, co_window_of_opportunity_b,
          co_window_of_opportunity_b, co_window_2corner,
          co_window_unsneaky_path_c, co_window_corner_b, co_window_paths_e,
          glass_columns_a, glass_columns_b
D:3:      minmay_octagon_keep, layout_loops_ring, serial_bayou,
          serial_bayou_lake_a, serial_bayou_pond_e, serial_bayou_ford_a,
          serial_bayou_pond_e, serial_bayou_crossing, minmay_circle_x,
          uniq_sigmund, uniq_jessica
D:4:      layout_cave_pools, serial_column_ruins, column_ruins_temple_hall,
          column_ruins_circle_medium, column_ruins_corridor_T,
          column_ruins_grid_2, column_ruins_open_medium, column_ruins_grid_1,
          column_ruins_open_tiny, lemuel_angel_altar
D:5:      lemuel_castle_with_subvaults [lemuel_castle_interior_carwin_1],
          layout_loops_ring, gammafunk_temple_overflow_elements,
          minmay_hollow_rounded_squares
D:6:      layout_basic, fiery_altar_vehumet, nzn_wu_jian_council_hall,
          minmay_temple_entry_tees, nicolae_ru_path_of_blood
D:7:      layout_basic, slow_altar_2,
          nicolae_gozag_cash_rules_everything_around_me, serial_shops,
          nicolae_shop_trees, shop, nicolae_shop_overgrown_old_shop,
          nicolae_shop_statue_plus, uniq_duvessa
D:8:      layout_loops_ring, lemuel_crystal_altar, lemuel_round_altar,
          dpeg_lair_monsters, serial_shops, shop
D:9:      minmay_the_grid_four_pointed_star_mashed
          [minmay_the_grid_triangle_9x9_warning,
          minmay_the_grid_triangle_9x9_longest,
          minmay_the_grid_triangle_9x9_thin_v,
          minmay_the_grid_triangle_9x9_zippers_vertical,
          minmay_the_grid_prize_inner_circle], layout_loops_ring,
          overflow_temple_1_default, uniq_maurice
D:10:     nzn_winding_woodlands_small [nzn_winding_woodlands_5x15_sidewinder,
          nzn_winding_woodlands_center_lodge,
          nzn_winding_woodlands_5x15_default], layout_grid_maze, serial_shops,
          shop, gammafunk_ghost_split, minmay_misc_feat_cross
D:11:     layout_roguey
Temple:   corrupted_temple

Skill      XL: |  1  2  3  4  5  6  7  8  9 10 11 |
---------------+----------------------------------+-----
Spellcasting   | 3 4 5 7 8 9 |  9.6
Fighting       | 1 2 4 |  4.0
Staves         | 1 2 |  2.9
Translocations | 1 2 |  2.0
Conjurations   | 5 6 7 8 9 10 | 10.9
Axes           | 2 4 5 7 |  7.6
Evocations     | 2 |  2.0
Throwing       | 1 |  1.0
Shields        | 2 4 |  4.0
Fire Magic     | 3 6 8 |  8.8
Dodging        | |  1.7
Stealth        | |  1.7

Action                   |  1- 3 |  4- 6 |  7- 9 | 10-12 || total
-------------------------+-------+-------+-------+-------++-------
Melee: Whip              |     3 |       |       |       ||     3
       Quarterstaff      |    10 |    70 |       |       ||    80
       Tailslap          |     1 |     2 |    11 |     8 ||    22
       Broad axe         |       |    23 |   128 |    59 ||   210
       Headbutt          |       |     1 |       |       ||     1
Throw: Dart              |       |       |     7 |     4 ||    11
 Cast: Magic Dart        |    55 |    22 |    42 |    28 ||   147
       Searing Ray       |    17 |    38 |    78 |    52 ||   185
       Iskenderun's Myst |       |     2 |    30 |    50 ||    82
       Conjure Flame     |       |       |       |     8 ||     8
       Fireball          |       |       |       |     4 ||     4
Invok: Curse Item        |       |     2 |     1 |     1 ||     4
 Abil: Breathe Fire      |       |       |     1 |     4 ||     5
Evoke: Wand              |       |       |       |     3 ||     3
  Use: Scroll            |     2 |     2 |    14 |     6 ||    24
       Potion            |       |     4 |     7 |     1 ||    12
 Stab: Sleeping          |       |       |       |     1 ||     1
Armor: Skin              |     8 |    46 |   101 |    44 ||   199
Dodge: Dodged            |    19 |    94 |   167 |    82 ||   362
Block: Buckler           |       |       |    11 |    31 ||    42
